 Dungeon Crawl Stone Soup version 0.28-a0-938-gbc3f381ebc (webtiles) character file.

Game seed: 3926111952470027960

6270 Decritt the Cleaver (level 10, 0/93 HPs)
             Began as a Minotaur Fighter on Nov 28, 2021.
             Succumbed to barbed spike wounds
             ... on level 9 of the Dungeon.
             The game lasted 00:22:16 (12258 turns).

Decritt the Cleaver (Minotaur Fighter)             Turns: 12258, Time: 00:22:17

Health: 0/93       AC: 17    Str: 33    XL:     10   Next: 63%
Magic:  9/9        EV: 14    Int: 11    God:
Gold:   353        SH: 10    Dex: 13    Spells: 9/9 levels left

rFire   . . .      SeeInvis .   J - +1 spear (freeze)
rCold   . . .      Faith    .   c - +0 buckler
rNeg    . . .      Spirit   .   z - +6 scale mail of Existentialism {Rampage rElec Int+6}
rPois   .          Reflect  +   D - +0 hat
rElec   +          Harm     .   x - +0 cloak
rCorr   +          Rampage  +   (no gloves)
Will    .....                   K - +0 pair of boots
Stlth   ..........              p - amulet of reflection
HPRegen 0.25/turn               k - +6 ring of strength
MPRegen 0.11/turn               G - ring of Jogutz {Fly rCorr Str+6}

@: spiked, flying
A: horns 2, retaliatory headbutt
a: no special abilities


You were on level 9 of the Dungeon.
You visited 2 branches of the dungeon, and saw 10 of its levels.

You collected 409 gold pieces.
You spent 56 gold pieces at shops.

Inventory:

Hand Weapons
 a - a +0 war axe
 l - a +0 morningstar
 J - a +1 spear of freezing (weapon)
 O - a +1 whip of flaming
Missiles
 v - a boomerang (quivered)
 y - 4 throwing nets
Armour
 c - a +0 buckler (worn)
 x - a +0 cloak (worn)
 z - the +6 scale mail of Existentialism (worn) {Rampage rElec Int+6}
   (You found it on level 5 of the Dungeon)

   Int:       It affects your intelligence (+6).
   rElec:     It insulates you from electricity.
   Rampage:   It bestows one free step when moving towards enemies.
 D - a +0 hat (worn)
 K - a +0 pair of boots (worn)
Jewellery
 k - a +6 ring of strength (left hand)
 p - an amulet of reflection (around neck)
 B - a ring of protection from cold
 G - the ring of Jogutz (right hand) {Fly rCorr Str+6}
   (You found it on level 7 of the Dungeon)

   [ring of flight]

   Str:       It affects your strength (+6).
   Fly:       It grants you flight.
   rCorr:     It protects you from acid and corrosion.
 Q - a ring of positive energy
Wands
 m - a wand of paralysis (9)
 u - a wand of iceblast (9)
 F - a wand of flame (22)
Scrolls
 b - 2 scrolls of enchant armour {unknown}
 d - a scroll of magic mapping {unknown}
 e - a scroll of brand weapon {unknown}
 f - 2 scrolls of blinking
 h - 3 scrolls of noise
 i - a scroll of enchant weapon {unknown}
 n - a scroll of acquirement {unknown}
 q - a scroll of holy word {unknown}
 C - a scroll of torment {unknown}
 I - a scroll of vulnerability {unknown}
 M - a scroll of teleportation
Potions
 g - 2 potions of invisibility
 j - 3 potions of lignification
 o - a potion of brilliance {unknown}
 r - 2 potions of resistance {unknown}
 s - a potion of mutation {unknown}
 t - 2 potions of curing {unknown}
 w - 2 potions of attraction {unknown}
 A - a potion of berserk rage {unknown}
 E - a potion of heal wounds {unknown}
 H - 2 potions of flight {unknown}
 L - a potion of cancellation {unknown}
 N - a potion of haste {unknown}
 P - a potion of degeneration {unknown}


   Skills:
 + Level 10.2 Fighting
 + Level 10.7 Axes
 + Level 9.7 Armour
 + Level 7.7 Dodging
 + Level 6.0 Shields


You had 9 spell levels left.
You didn't know any spells.
Your spell library contained the following spells:

 Spells                   Type           Power      Damage    Failure   Level
 Animate Skeleton         Necr           0%         N/A       52%         1
 Pain                     Necr           0%         1d4       52%         1
 Frozen Ramparts          Ice            0%         1d2       88%         3
 Vampiric Draining        Necr           0%         2d6       88%         3
 Animate Dead             Necr           0%         N/A       99%         4
 Fulminant Prism          Conj/Hex       0%         3d6       99%         4
 Ice Form                 Ice/Tmut       0%         N/A       99%         4
 Iskenderun's Mystic Bla  Conj/Tloc      0%         2d3       99%         4
 Leda's Liquefaction      Hex/Erth       0%         N/A       99%         4
 Summon Ice Beast         Ice/Summ       0%         N/A       99%         4
 Lee's Rapid Deconstruct  Erth           0%         3d5*      100%        5
 Statue Form              Tmut/Erth      0%         N/A       100%        6
 Haunt                    Necr/Summ      0%         N/A       100%        7
 Infestation              Necr           0%         N/A       100%        8


Dungeon Overview and Level Annotations

Branches:
Dungeon (9/15)             Temple (1/1) D:4
   Lair: D:8-11         Orc: D:9-12

Altars:
Ashenzari
Cheibriados
Elyvilon
Fedhas
Hepliaklqana
Kikubaaqudgha
Makhleb
Nemelex Xobeh
Okawaru
Qazlal
Ru
Sif Muna
Trog
Uskayaw
Vehumet
Wu Jian
Xom
Zin
The Shining One

Shops:
D:2 ?


Innate Abilities, Weirdness & Mutations

You have a pair of horns on your head.
You reflexively headbutt those who attack you in melee.


Message History

The barbed spikes dig painfully into your body as you move.
The barbed spikes dig painfully into your body as you move.
The barbed spikes dig painfully into your body as you move.
The barbed spikes dig painfully into your body as you move.
The barbed spikes dig painfully into your body as you move.
* * * LOW HITPOINT WARNING * * *
The barbed spikes dig painfully into your body as you move.
* * * LOW HITPOINT WARNING * * *
The barbed spikes dig painfully into your body as you move.
* * * LOW HITPOINT WARNING * * *
The barbed spikes dig painfully into your body as you move.
* * * LOW HITPOINT WARNING * * *
The barbed spikes dig painfully into your body as you move.
* * * LOW HITPOINT WARNING * * *
The manticore flicks its tail.
The volley of spikes hits you!!
The barbed spikes become lodged in your body.
* * * LOW HITPOINT WARNING * * *
Okay, then.
As you read the scroll of teleportation, it crumbles to dust.
You feel strangely unstable.
A manticore is nearby!
The manticore flicks its tail.
The volley of spikes hits you!
The barbed spikes become lodged in your body.
* * * LOW HITPOINT WARNING * * *
The manticore flicks its tail.
The volley of spikes hits you but does no damage.
Your surroundings suddenly seem different.
A centaur comes into view.
Found a short sword, 19 stones and 14 gold pieces.
The centaur shouts!
The centaur wields a +0 shortbow.
The centaur shoots an arrow.
The arrow hits you but does no damage.
The centaur shoots an arrow.
The arrow hits you.
* * * LOW HITPOINT WARNING * * *
Okay, then.
You rampage towards the centaur!
The barbed spikes dig painfully into your body as you move.
You die...

#### ...# ##.#
########## .#.#
.........# ...#
.........# ...#
......$..# ...##
.......c.### ....#
.......@...# .##.##
........)### .##..##
..........# .##...#
#######.#(...
.###.###########.#.##.#
.##...##.......#.... #
##.....#.......### ###
##....≈#.......#.....
.#...≈≈#.......#.#.#


You could see a centaur.

Vanquished Creatures
  Erica (D:9)
  A two-headed ogre (D:9)
  Pikel (D:9)
  Maggie (D:6)
  A wraith (D:9)
  A yak (D:7)
  A wyvern (D:7)
  3 steam dragons
  Grum (D:8)
  A water moccasin (D:7)
  2 ice beasts
  An orc warrior (D:8)
  A sky beast (D:8)
  A black bear (D:6)
  A necrophage (D:6)
  2 centaurs
  5 ogres
  4 wolves
  A kobold brigand (D:9)
  A bullfrog (D:8)
  A gnoll sergeant (D:8)
  A scorpion (D:4)
  A wyvern skeleton (D:7)
  A water moccasin zombie (D:9)
  9 wights
  11 electric eels
  A bullfrog zombie (D:6)
  A centaur zombie (D:5)
  A jelly (D:5)
  2 orc priests (D:5)
  A bullfrog skeleton (D:4)
  2 gnoll shamans (D:5)
  2 hounds
  2 centaur skeletons
  An iguana (D:5)
  2 orc wizards
  A killer bee zombie (D:8)
  2 howler monkey skeletons
  11 adders
  14 gnolls
  A shadow imp (D:5)
  A white imp (D:6)
  2 ufetubi
  An adder zombie (D:5)
  2 worms
  2 dart slugs
  11 orcs
  3 endoplasms
  2 giant cockroaches
  5 goblins
  6 hobgoblins
  A quokka (D:1)
  7 ball pythons
  9 bats
  9 frilled lizards
  13 kobolds
  2 rats (D:1)
175 creatures vanquished.

Vanquished Creatures (others)
  5 fungi (D:4)
  6 plants (D:7)
11 creatures vanquished.

Grand Total: 186 creatures vanquished

Notes
Turn   | Place    | Note
-------+----------+-------------------------------------------
     0 | D:1      | Decritt the Minotaur Fighter began the quest for the Orb.
     0 | D:1      | Reached XP level 1. HP: 19/19 MP: 0/0
     2 | D:1      | Noticed an ogre
     2 | D:1      | Noticed a vampire
     4 | D:1      | Noticed a felid
     4 | D:1      | Noticed an octopode
     6 | D:1      | Noticed an elf
     8 | D:1      | Noticed a merfolk
     8 | D:1      | Noticed a demigod
    10 | D:1      | Noticed a dwarf
    12 | D:1      | Noticed a spriggan
    14 | D:1      | Noticed a demonspawn
    14 | D:1      | Noticed a tengu
    16 | D:1      | Noticed a ghoul
    18 | D:1      | Noticed a troll
    18 | D:1      | Noticed a naga
    20 | D:1      | Noticed a human
    20 | D:1      | Noticed a gargoyle
    22 | D:1      | Noticed a formicid
    22 | D:1      | Noticed a vine stalker
    24 | D:1      | Noticed a draconian
    26 | D:1      | Noticed a minotaur
   328 | D:1      | Reached XP level 2. HP: 27/27 MP: 1/1
   695 | D:1      | Found a faded altar of an unknown god.
   739 | D:1      | Reached XP level 3. HP: 32/33 MP: 2/2
  1255 | D:2      | Found Inlatweyxt's Magic Scroll Shoppe.
  1262 | D:2      | Bought a scroll of identify for 28 gold pieces
  1262 | D:2      | Bought a scroll of identify for 28 gold pieces
  1459 | D:2      | Reached XP level 4. HP: 37/41 MP: 3/3
  2258 | D:3      | Reached skill level 5 in Axes
  2432 | D:3      | Found an iron altar of Okawaru.
  3053 | D:4      | Noticed a scorpion
  3060 | D:4      | Killed a scorpion
  3061 | D:4      | Reached skill level 5 in Fighting
  3061 | D:4      | Reached XP level 5. HP: 38/48 MP: 4/4
  3687 | D:4      | Found a staircase to the Ecumenical Temple.
  3697 | Temple   | Entered the Ecumenical Temple
  3853 | D:4      | Reached XP level 6. HP: 51/56 MP: 5/5
  4068 | D:5      | Entered Level 5 of the Dungeon
  4239 | D:5      | Identified the +6 scale mail of Existentialism {Rampage
                  | rElec Int+6}
  4358 | D:5      | Reached skill level 1 in Dodging
  4439 | D:5      | Reached skill level 5 in Armour
  4439 | D:5      | Reached XP level 7. HP: 62/62 MP: 6/6
  5375 | D:6      | Reached XP level 8. HP: 41/71 MP: 7/7
  5551 | D:6      | Noticed Maggie
  5564 | D:6      | Killed Maggie
  6837 | D:7      | Reached skill level 5 in Dodging
  6837 | D:7      | Reached XP level 9. HP: 71/81 MP: 8/8
  7139 | D:7      | Identified the ring of Jogutz {Fly rCorr Str+6}
  8497 | D:8      | Noticed Grum
  8499 | D:8      | Noticed a troll
  8796 | D:7      | HP: 3/83 [troll (8)]
 10056 | D:8      | Killed Grum
 10757 | D:8      | Reached skill level 10 in Axes
 11125 | D:9      | Reached XP level 10. HP: 91/91 MP: 9/9
 11459 | D:9      | Noticed Erica
 11687 | D:9      | Killed Erica
 11688 | D:9      | Reached skill level 5 in Shields
 12018 | D:9      | Noticed a two-headed ogre
 12024 | D:9      | Noticed Pikel
 12076 | D:9      | Killed Pikel
 12077 | D:9      | Reached skill level 10 in Fighting
 12102 | D:9      | Killed a two-headed ogre
 12222 | D:9      | Noticed a manticore
 12258 | D:9      | Succumbed to barbed spike wounds

Illustrated notes

Levels and vault maps discovered:
D:1:      kb_arrival_jail, layout_rooms, ebering_ecumenical_altar_abandoned
D:2:      layout_basic, serial_shops, shop
D:3:      layout_basic, okawaru_gym_becter
D:4:      old_forge, layout_basic, minmay_temple_entry_poolview
D:5:      layout_loops_ring, st_stairs_3
D:6:      layout_basic, lemuel_flamethrower_1, uniq_maggie
D:7:      cheibrodos_two_vegetables, layout_loops_cross, grunt_ogre_cave,
          chequers_mini_garden, hangedman_abyss_or_decor_stabs,
          chequers_serial_rivers_micro_c, minivault_14
D:8:      layout_basic, uniq_grum
D:9:      cheibrodos_steamvent, layout_basic, roderic_roman_lattice, uniq_erica,
          uniq_pikel
Temple:   compressed_dpeg_circular_temple

Skill      XL: |  1  2  3  4  5  6  7  8  9 10 |
---------------+-------------------------------+-----
Axes           | 3 4 5 6 7 8 10 | 10.7
Fighting       | 4 5 6 8 9 10 | 10.2
Armour         | 4 5 6 7 8 9 |  9.7
Dodging        | 1 3 5 6 7 |  7.7
Shields        | 4 6 |  6.0

Action                   |  1- 3 |  4- 6 |  7- 9 | 10-12 || total
-------------------------+-------+-------+-------+-------++-------
Melee: War axe           |    85 |       |       |       ||    85
       Headbutt          |    10 |    23 |    72 |    30 ||   135
       Morningstar       |       |   122 |   240 |       ||   362
       Spear             |       |       |     6 |   133 ||   139
Throw: Dart              |       |    46 |       |       ||    46
       Boomerang         |       |       |    15 |    11 ||    26
  Use: Scroll            |       |     2 |     6 |     1 ||     9
       Potion            |       |       |     1 |       ||     1
Armor: Scale mail        |    47 |    51 |   100 |    29 ||   227
Dodge: Dodged            |    47 |    60 |   140 |    29 ||   276
Block: Buckler           |    16 |    65 |   107 |    29 ||   217
       Reflection        |       |     1 |     2 |     6 ||     9

Table legend: (Time is in decaauts)
 A = Elapsed time spent in this place.
 B = Non-inter-level travel time spent in this place.
 C = Inter-level travel time spent in this place.
 D = Time resting spent in this place.
 E = Time spent auto-exploring this place.
 F = Levels seen in this place.
 G = Mean time per level.
                   A        B        C        D        E       F      G
               +--------+--------+--------+--------+--------+-----+--------+
         Total |  12363 |  12087 |    276 |   3437 |   6838 |  10 | 1236.3 |
       Dungeon |  12232 |  11994 |    238 |   3437 |   6761 |   9 | 1359.1 |
        Temple |    130 |     92 |     38 |      0 |     77 |   1 |  130.0 |
               +--------+--------+--------+--------+--------+-----+--------+

Top non-repeatable levels by time:
     D:7: 3508 daAuts
     D:6: 1366 daAuts
     D:9: 1176 daAuts
     D:3: 1106 daAuts
     D:5: 1103 daAuts
     D:8: 1086 daAuts
     D:2: 1071 daAuts
     D:4: 1008 daAuts
     D:1: 805 daAuts
  Temple: 130 daAuts
